 Dungeon Crawl Stone Soup version 0.24.0-13-gcf9b3192b9 (webtiles) character file.

Game seed: 3052579431330807497, levelgen mode: deterministic

1882 Noname the Charmwright (level 9, -4/46 HPs)
             Began as a Vine Stalker Skald on Nov 9, 2019.
             Was a Follower of Ashenzari.
             Shot with a sling bullet by Joseph (14 damage)
             ... on level 7 of the Dungeon.
             The game lasted 00:14:52 (6144 turns).

Noname the Charmwright (Vine Stalker Skald)         Turns: 6144, Time: 00:14:53

Health: -4/46      AC:  9    Str: 16    XL:     9   Next: 14%
Magic:  0/17       EV: 14    Int: 13    God:    Ashenzari [*.....]
Gold:   499        SH:  0    Dex: 15    Spells: 7/18 levels left

rFire    + . .     SeeInvis .   a - +4 morningstar (freeze) (curse)
rCold    . . .     Gourm    .   (no shield)
rNeg     . . .     Faith    .   k - +0 leather armour {rF+}
rPois    .         Spirit   +   (no helmet)
rElec    .         Reflect  .   (no cloak)
rCorr    .         Harm     .   i - +2 pair of gloves (curse)
MR       +....                  o - +2 pair of boots (curse)
Stlth    +.........             (no amulet)
HPRegen  0.55/turn              v - ring of flight
MPRegen  0.15/turn              (no ring)

@: infused, singing (expiring)
A: fangs 3, regeneration 1, magic shield, antimagic bite, no potion heal 3, rot
immunity
a: Curse Item, Scrying, Renounce Religion, Evoke Flight


You were on level 7 of the Dungeon.
You worshipped Ashenzari.
Ashenzari was aware of your devotion.
You were not hungry.

You visited 1 branch of the dungeon, and saw 7 of its levels.

You collected 499 gold pieces.

Inventory:

Hand Weapons
 a - a cursed +4 morningstar of freezing (weapon)
 b - a +0 dagger of protection
 l - a +0 quarterstaff
 s - a +0 glaive
 A - a +0 whip of venom
Missiles
 e - 30 poisoned darts (quivered)
 j - 168 stones
Armour
 i - a cursed +2 pair of gloves (worn)
 k - a +0 leather armour of fire resistance (worn)
 o - a cursed +2 pair of boots (worn)
Jewellery
 c - an uncursed ring of ice
 v - a ring of flight (left hand)
Wands
 p - a wand of flame (13)
 B - a wand of paralysis (2)
Scrolls
 f - 3 scrolls of enchant weapon {unknown}
 g - 4 scrolls of teleportation {unknown}
 h - a scroll of random uselessness {unknown}
 n - 2 scrolls of identify {unknown}
 r - 2 scrolls of immolation {unknown}
 u - 2 scrolls of remove curse {@r2}
 x - a scroll of amnesia {unknown}
 y - a scroll of fog {unknown}
 z - a scroll of blinking {unknown}
Potions
 m - 2 potions of heal wounds {unknown}
 q - a potion of lignification {unknown}
 t - a potion of agility {unknown}
 w - 2 potions of magic {unknown}
 C - a potion of flight {unknown}
 D - a potion of haste {unknown}
Comestibles
 d - 14 rations
 E - a chunk of flesh


   Skills:
 + Level 4.4 Fighting
 + Level 2.6 Maces & Flails
 - Level 4.0 Polearms
 - Level 0.1(3.0) Staves
 - Level 0.7 Armour
 + Level 3.9 Dodging
 + Level 5.1 Spellcasting
 * Level 7.1 Charms
 - Level 1.0 Translocations


You had 7 spell levels left.
You knew the following spells:

 Your Spells              Type           Power        Failure   Level  Hunger
a - Infusion              Chrm           ###.         1%          1    None
b - Shroud of Golubria    Chrm/Tloc      ##....       6%          2    ##.....
c - Song of Slaying       Chrm           ###.....     1%          2    ##.....
d - Spectral Weapon       Hex/Chrm       ##......     16%         3    ###....
R - Regeneration          Chrm/Necr      ##........   16%         3    ###....

Your spell library contained the following spells:

 Spells                   Type           Power        Failure   Level  Hunger
 Summon Small Mammal      Summ           #...         22%         1    None
 Call Imp                 Summ           #.......     34%         2    ##.....
 Call Canine Familiar     Summ           #.......     56%         3    ###....
 Summon Guardian Golem    Hex/Summ       #.......     56%         3    ###....
 Summon Ice Beast         Ice/Summ       #.......     92%         4    ####...
 Summon Lightning Spire   Summ/Air       #.......     92%         4    ####...


Dungeon Overview and Level Annotations

Branches:
Dungeon (7/15)             Temple (0/1) D:7

Altars:
Ashenzari
Hepliaklqana
Sif Muna
Vehumet

Shops:
D:4 }

Annotations:
D:7 Joseph


Innate Abilities, Weirdness & Mutations

You have razor-sharp teeth.
Your natural rate of healing is unusually fast.
When hurt, damage is shared between your health and your magic reserves.
Your bite disrupts and absorbs the magic of your enemies.
Potions cannot restore your health.
You are immune to rotting.


Message History

Press: ? - help, Shift-Dir - straight line, f - hippogriff
Aim: a hippogriff (chance to defeat MR: 41%)
The hippogriff resists with some effort.
Joseph hits you but does no damage. The hippogriff bites you.
* * * LOW HITPOINT WARNING * * *
The hippogriff pecks you but does no damage.
The hippogriff claws you.
* * * LOW HITPOINT WARNING * * *
You take 3 damage, and have 11/46 hp.
You now have 2/17 mp.
Okay, then.
A hound comes into view.
Joseph closely misses you. The hippogriff barely misses you.
The hippogriff pecks you.
* * * LOW HITPOINT WARNING * * *
The hippogriff misses you.
You take 1 damage, and have 10/46 hp.
You now have 1/17 mp.
The hound barely misses you.
Joseph unwields a +0 quarterstaff.
Joseph wields a +7 hunting sling of flaming.
It bursts into flame!
Joseph shoots a sling bullet.
The sling bullet hits you!
You die...

#........... #..........#
#.......... .......
.........(# #.......#
........# #.......# #
#...$..###.......# #
#..h...#....>...)# #
##H@.....##.....####
#....##..#..........
...##@...#.............
#...........#.....#...
#...........##.....##..
..........รท.##..#.#..##.
@##........##..##.##..##
#...........##...##...
....>......[.)..>......


You could see Joseph, a hippogriff and a hound.

Vanquished Creatures
  A hippogriff (D:6)
  4 ogres
  3 bullfrogs
  A scorpion (D:5)
  6 killer bees (D:7)
  5 wights (D:7)
  A crimson imp (D:5)
  A gnoll shaman (D:5)
  A quasit (D:4)
  An orc priest (D:5)
  2 hounds
  An iguana (D:7)
  2 bullfrog skeletons
  3 orc wizards
  A worker ant (D:5)
  2 hound skeletons
  Robin (D:4)
  10 adders
  5 gnolls
  An adder skeleton (D:4)
  5 worms
  2 dart slugs
  2 leopard geckos
  19 orcs
  3 bats
  2 giant cockroaches
  20 goblins
  7 hobgoblins
  6 jackals
  6 quokkas
  A ball python (D:1)
  3 frilled lizards
  3 kobolds
  A leopard gecko zombie (D:7)
  8 rats
140 creatures vanquished.

Vanquished Creatures (others)
  4 spectral weapons
4 creatures vanquished.

Grand Total: 144 creatures vanquished

Notes
Turn   | Place    | Note
-------+----------+-------------------------------------------
     0 | D:1      | Noname the Vine Stalker Skald began the quest for the Orb.
     0 | D:1      | Reached XP level 1. HP: 11/11 MP: 4/4
   421 | D:1      | Reached XP level 2. HP: 15/15 MP: 3/6
   428 | D:1      | Learned a level 2 spell: Shroud of Golubria
  1055 | D:2      | Noticed an ogre
  1137 | D:2      | Reached XP level 3. HP: 8/18 MP: 5/7
  1162 | D:1      | Learned a level 3 spell: Regeneration
  1573 | D:2      | Killed an ogre
  1573 | D:2      | Gained mutation: Your natural rate of healing is unusually
                  | fast. [Vine Stalker growth]
  1573 | D:2      | Reached XP level 4. HP: 16/23 MP: 2/9
  1573 | D:2      | Reached XP level 5. HP: 19/27 MP: 2/10
  1828 | D:2      | Found a shimmering blue altar of Sif Muna.
  1861 | D:2      | Reached skill level 4 in Charms
  2139 | D:3      | Learned a level 3 spell: Spectral Weapon
  3173 | D:4      | Noticed Robin
  3183 | D:4      | Killed Robin
  3183 | D:4      | Reached XP level 6. HP: 31/32 MP: 6/11
  3207 | D:3      | Learned a level 2 spell: Song of Slaying
  3311 | D:4      | Found a shattered altar of Ashenzari.
  3350 | D:4      | Reached skill level 1 in Polearms
  3355 | D:4      | Reached skill level 1 in Translocations
  3459 | D:4      | Found Ipniaf's Gadget Shoppe.
  3528 | D:4      | Became a worshipper of Ashenzari the Shackled
  3921 | D:5      | Entered Level 5 of the Dungeon
  3928 | D:5      | Reached XP level 7. HP: 36/36 MP: 6/13
  3958 | D:5      | Reached skill level 5 in Charms
  4722 | D:5      | Noticed a hippogriff
  5278 | D:6      | Gained mutation: You have razor-sharp teeth. [Vine Stalker
                  | growth]
  5278 | D:6      | Reached XP level 8. HP: 40/40 MP: 13/15
  5294 | D:6      | Reached skill level 6 in Charms
  5400 | D:6      | Found a radiant altar of Vehumet.
  5474 | D:6      | Reached * piety under Ashenzari
  5529 | D:6      | Noticed a hippogriff
  5609 | D:6      | Killed a hippogriff
  5916 | D:7      | Found a hazy altar of Hepliaklqana.
  6002 | D:7      | Reached skill level 5 in Spellcasting
  6002 | D:7      | Reached XP level 9. HP: 34/45 MP: 11/17
  6004 | D:7      | Reached skill level 7 in Charms
  6073 | D:7      | Found a staircase to the Ecumenical Temple.
  6130 | D:7      | Noticed Joseph
  6144 | D:7      | Shot with a sling bullet by Joseph

Levels and vault maps discovered:
D:1:      mrwooster_arrival_arrow, layout_loops_ring, minmay_misc_feat_enclosed,
          skrybe_limestone_x, bh_walls_and_bars
D:2:      minmay_evil_eye, layout_basic, lemuel_blue_sif_altar
D:3:      wad_river_or_something, layout_basic, palyth_stone_intersect
D:4:      layout_cave_pools, ashenzari_conservatory_becter, serial_shops, shop,
          uniq_robin
D:5:      layout_basic, first_ration, lightli_corner_chamber
D:6:      layout_cave_pools, fiery_altar_vehumet
D:7:      layout_cave_pools, lemuel_round_altar, grunt_temple_overflow_open,
          minmay_temple_entry_waves, uniq_joseph

Skill      XL: |  1  2  3  4  5  6  7  8  9 |
---------------+----------------------------+-----
Maces & Flails | 2 |  2.6
Fighting       | 2 3 4 |  4.4
Dodging        | 2 3 |  3.9
Spellcasting   | 3 4 5 |  5.1
Charms         | 4 5 6 7 |  7.1
Polearms       | 1 2 3 4 |  4.0
Translocations | 1 |  1.0
Staves         | |  0.1
Armour         | |  0.7

Action                   |  1- 3 |  4- 6 |  7- 9 || total
-------------------------+-------+-------+-------++-------
Melee: Mace              |    51 |    19 |       ||    70
       Bite              |     8 |    42 |    41 ||    91
       Spear             |       |   139 |   105 ||   244
       Quarterstaff      |       |    35 |       ||    35
       Glaive            |       |       |    69 ||    69
       Morningstar       |       |       |     9 ||     9
Throw: Dart              |    13 |    30 |    14 ||    57
 Cast: Infusion          |     9 |    23 |    17 ||    49
       Regeneration      |     1 |       |       ||     1
       Shroud of Golubri |       |     4 |    14 ||    18
       Song of Slaying   |       |     2 |     3 ||     5
       Spectral Weapon   |       |     1 |    13 ||    14
Invok: Curse Item        |       |       |     2 ||     2
Evoke: Wand              |       |       |     3 ||     3
  Use: Potion            |     1 |       |       ||     1
 Stab: Sleeping          |     1 |       |     1 ||     2
       Paralysed         |       |       |     2 ||     2
  Eat: Chunk             |     2 |     9 |     9 ||    20
Armor: Leather armour    |     8 |    66 |    57 ||   131
Dodge: Dodged            |    26 |   139 |   129 ||   294
